 Dungeon Sprint DCSS version 0.26-a0-690-gcb57259078 (webtiles) character file.

Game seed: 6905598464349373643

1710 jfcaron the Grappler (level 8, -6/139 HPs)
             Began as a Troll Berserker on Oct 25, 2020.
             Was an Elder of Trog.
             Mangled by a demonic crawler (8 damage)
             ... in the Dungeon (Sprint I: "Red Sonja").
             The game lasted 00:02:01 (485 turns).

jfcaron the Grappler (Troll Berserker)               Turns: 485, Time: 00:02:02

Health: -6/139     AC:  6    Str: 28    XL:     8   Next: 74%
Magic:  7/7        EV: 14    Int:  3    God:    Trog [****..]
Gold:   149        SH:  0    Dex:  9    Spells: 7/7 levels left

rFire    . . .     SeeInvis .     - Unarmed
rCold    . . .     Faith    .   (no shield)
rNeg     . . .     Spirit   .   a - +0 animal skin
rPois    .         Reflect  .   (helmet restricted)
rElec    .         Harm     .   (no cloak)
rCorr    .         Rampage  .   (gloves unavailable)
MR       .....     NoTele   +   (boots unavailable)
Stlth    ..........             (no amulet)
HPRegen  0.73/turn              (no ring)
MPRegen  0.10/turn              (no ring)

@: berserking (expiring), very quick
A: large, unfitting armour, claws 3, regeneration 1, shaggy fur 1, tough skin 3
a: Berserk, Trog's Hand, Brothers in Arms, Renounce Religion


You were in the Dungeon.
You worshipped Trog.
Trog was greatly pleased with you.
You visited 1 branch You collected 429 gold pieces.
You spent 280 gold pieces at shops.

Inventory:

Armour
 a - a +0 animal skin (worn)
Scrolls
 g - a scroll of blinking
 h - a scroll of identify {unknown}
Potions
 b - 2 potions of curing
 c - a potion of heal wounds
 d - a potion of haste
 e - 2 potions of magic
 f - a potion of berserk rage
Miscellaneous
 i - a condenser vane (2/2)


   Skills:
 + Level 9.9 Fighting
 + Level 10.0 Dodging
 + Level 11.6 Unarmed Combat


You had 7 spell levels left.
You didn't know any spells.
Your spell library was empty.

Dungeon Overview and Level Annotations

Branches:
Dungeon (1/1)

Altars:
Cheibriados
Dithmenos
Elyvilon
Fedhas
Gozag
Hepliaklqana
Kikubaaqudgha
Makhleb
Nemelex Xobeh
Okawaru
Qazlal
Ru
Sif Muna
Trog
Uskayaw
Vehumet
Wu Jian
Xom
Yredelemnul
Zin
The Shining One
Jiyva
Lugonu

Shops:
D }


Innate Abilities, Weirdness & Mutations

You are too large for most types of armour.
You have claws for hands.
Your natural rate of healing is unusually fast.
You are covered in fur. (AC +1)
You have extremely tough skin. (AC +3)


Message History

You closely miss the demonic crawler.
The demonic crawler is almost dead.
The demonic crawler hits you but does no damage.
The demonic crawler barely misses you.
The demonic crawler hits you but does no damage.
The demonic crawler closely misses you. The demonic crawler hits you.
* * * LOW HITPOINT WARNING * * *
The demonic crawler hits you.
* * * LOW HITPOINT WARNING * * *
You scratch the demonic crawler.
The demonic crawler is almost dead.
The demonic crawler hits you.
* * * LOW HITPOINT WARNING * * *
The demonic crawler hits you.
* * * LOW HITPOINT WARNING * * *
The demonic crawler hits you but does no damage.
The demonic crawler misses you. The demonic crawler hits you.
* * * LOW HITPOINT WARNING * * *
The demonic crawler hits you!
You die...

##################
.#.)'..#__#..))..#
.'..#..'..'..#..s##+#
'#####'#__####..@s..#
.#...#.####!§#####..+
##..##.#≈§≈.c# ##
_##'#_.+≈§§§.+
..'..._#≈≈§§c#
_##_.#'# +## #
_###+#.# ## ###


You could see 2 demonic crawlers.

Vanquished Creatures
  2 kobold demonologists (D)
  2 demonic crawlers (D)
  A slime creature (D)
  Sigmund (D)
  A yak (D)
  A floating eye (D)
  An ogre (D)
  A jelly (D)
  Ijyb (D)
11 creatures vanquished.

Notes
Turn   | Place    | Note
-------+----------+-------------------------------------------
     0 | D        | jfcaron the Troll Berserker began the quest for the Orb.
     0 | D        | Reached XP level 1. HP: 22/22 MP: 0/0
     2 | D        | Noticed Ijyb
     8 | D        | Killed Ijyb
     8 | D        | Reached skill level 4 in Unarmed Combat
     8 | D        | Reached XP level 2. HP: 32/32 MP: 1/1
    11 | D        | Noticed an ogre
    14 | D        | Killed an ogre
    14 | D        | Reached skill level 5 in Fighting
    14 | D        | Reached skill level 5 in Dodging
    14 | D        | Reached skill level 6 in Unarmed Combat
    14 | D        | Reached XP level 3. HP: 42/42 MP: 2/2
    14 | D        | Reached XP level 4. HP: 50/50 MP: 3/3
    62 | D        | Noticed Sigmund
    67 | D        | Killed Sigmund
    67 | D        | Reached ** piety under Trog
    67 | D        | Reached skill level 7 in Unarmed Combat
    67 | D        | Reached XP level 5. HP: 61/61 MP: 4/4
    80 | D        | Found an ornate altar of the Wu Jian Council.
    80 | D        | Found a shimmering blue altar of Sif Muna.
    82 | D        | Found a radiant altar of Vehumet.
    85 | D        | Reached skill level 8 in Unarmed Combat
    85 | D        | Reached XP level 6. HP: 67/68 MP: 5/5
   114 | D        | Found Litug's Gadget Emporium.
   114 | D        | Found an ancient bone altar of Kikubaaqudgha.
   114 | D        | Found a hazy altar of Hepliaklqana.
   114 | D        | Found a hide-covered altar of Uskayaw.
   114 | D        | Found a basalt altar of Yredelemnul.
   114 | D        | Found an opulent altar of Gozag.
   114 | D        | Found a snail-covered altar of Cheibriados.
   114 | D        | Found a sacrificial altar of Ru.
   114 | D        | Found a shadowy altar of Dithmenos.
   114 | D        | Noticed a yak
   118 | D        | Killed a yak
   119 | D        | Found a stormy altar of Qazlal.
   119 | D        | Found a blossoming altar of Fedhas.
   119 | D        | Found a bloodstained altar of Trog.
   119 | D        | Found an iron altar of Okawaru.
   119 | D        | Found a glowing golden altar of the Shining One.
   119 | D        | Found a glowing silver altar of Zin.
   119 | D        | Found a white marble altar of Elyvilon.
   120 | D        | Found a sparkling altar of Nemelex Xobeh.
   168 | D        | Bought a condenser vane (2/2) for 280 gold pieces
   176 | D        | Noticed a centaur warrior
   176 | D        | Noticed a centaur warrior
   282 | D        | Found a burning altar of Makhleb.
   282 | D        | Found a viscous altar of Jiyva.
   282 | D        | Found a shimmering altar of Xom.
   282 | D        | Found a corrupted altar of Lugonu.
   282 | D        | Noticed a slime creature
   288 | D        | Killed a slime creature
   288 | D        | Reached *** piety under Trog
   288 | D        | Reached skill level 9 in Unarmed Combat
   288 | D        | Reached XP level 7. HP: 79/80 MP: 6/6
   345 | D        | Noticed a kobold demonologist
   352 | D        | Noticed a kobold demonologist
   353 | D        | Killed a kobold demonologist
   353 | D        | Reached skill level 10 in Unarmed Combat
   354 | D        | Noticed a hellwing
   358 | D        | Noticed a soul eater
   363 | D        | Killed a kobold demonologist
   363 | D        | Reached **** piety under Trog
   363 | D        | Reached XP level 8. HP: 34/92 MP: 7/7
   464 | D        | Noticed a demonic crawler
   464 | D        | Noticed a demonic crawler
   464 | D        | Noticed a demonic crawler
   464 | D        | Noticed a demonic crawler
   472 | D        | Killed a demonic crawler
   472 | D        | Reached skill level 11 in Unarmed Combat
   479 | D        | Killed a demonic crawler
   479 | D        | Reached skill level 10 in Dodging
   482 | D        | HP: 22/139 [demonic crawler (6)]
   485 | D        | HP: 10/139 [demonic crawler (3)]
   485 | D        | HP: 4/139 [demonic crawler (6)]
   485 | D        | Mangled by a demonic crawler

Illustrated notes

Levels and vault maps discovered:
D:        dungeon_sprint_1 [red_sonja_temple_1, red_sonja_temple_small_1]

Skill      XL: |  1  2  3  4  5  6  7  8 |
---------------+-------------------------+-----
Fighting       | 3 5 6 8 9 |  9.9
Dodging        | 3 5 6 8 9 10 | 10.0
Unarmed Combat | 4 6 7 8 9 10 11 | 11.6

Action                   |  1- 3 |  4- 6 |  7- 9 || total
-------------------------+-------+-------+-------++-------
Melee: Unarmed           |     8 |    14 |    32 ||    54
       Punch             |     1 |       |     2 ||     3
Invok: Berserk           |     1 |     2 |     2 ||     5
Armor: Animal skin       |     3 |     3 |    12 ||    18
Dodge: Dodged            |     1 |     3 |    35 ||    39

Table legend: (Time is in decaauts)
 A = Elapsed time spent in this place.
 B = Non-inter-level travel time spent in this place.
 C = Inter-level travel time spent in this place.
 D = Time resting spent in this place.
 E = Time spent auto-exploring this place.
 F = Levels seen in this place.
 G = Mean time per level.
                   A        B        C        D        E       F      G
               +--------+--------+--------+--------+--------+-----+--------+
         Total |    516 |    516 |      0 |    363 |      0 |   1 |  516.0 |
       Dungeon |    516 |    516 |      0 |    363 |      0 |   1 |  516.0 |
               +--------+--------+--------+--------+--------+-----+--------+

Top non-repeatable levels by time:
       D: 516 daAuts
